 Dungeon Crawl Stone Soup version 0.30-a0-743-gbfdf073431 (webtiles) character file.

Game seed: 4562587589648154772

511 RapScallion the Cleaver (level 7, -5/51 HPs)
             Began as a Gnoll Wanderer on Feb 7, 2023.
             Slain by an ice beast (9 damage)
             ... on level 4 of the Dungeon.
             The game lasted 00:11:47 (3041 turns).

RapScallion the Cleaver (Gnoll Wanderer)            Turns: 3041, Time: 00:11:47

Health: -5/51      AC:  5    Str: 15    XL:     7   Next: 19%
Magic:  12/12      EV: 12    Int: 10    God:
Gold:   137        SH:  0    Dex: 15    Spells: 12/13 levels left

rFire   . . .      SeeInvis .    k - +2 dagger "Qiejuff" {flame, rElec rN++ Dex+4}
rCold   . . .      Faith    .    (no shield)
rNeg    + + +      Spirit   .    d - +0 leather armour
rPois   .          Reflect  .    h - +0 helmet
rElec   +          Harm     .    (no cloak)
rCorr   .          Rampage  .    b - +0 pair of gloves
Will    .....                    (no boots)
Stlth   ++                       (no amulet)
HPRegen 0.28/turn                c - ring of positive energy
MPRegen 0.13/turn                (no ring)

@: no status effects
A: fangs 1, strong nose, distributed training
a: no special abilities


You were on level 4 of the Dungeon.
You visited 1 branch of the dungeon, and saw 4 of its levels.

You collected 137 gold pieces.

Inventory:

Hand Weapons
 a - a +0 war axe
 g - a +2 spear of flaming
 k - the +2 dagger "Qiejuff" (weapon) {flame, rElec rN++ Dex+4}
   (You found it on level 2 of the Dungeon)

   Dex:       It affects your dexterity (+4).
   rElec:     It insulates you from electricity.
   rN:        It greatly protects you from negative energy.
Armour
 b - a +0 pair of gloves (worn)
 d - a +0 leather armour (worn)
 h - a +0 helmet (worn)
 r - a +0 robe
Jewellery
 c - a ring of positive energy (left hand)
Wands
 q - a wand of polymorph (12)
Scrolls
 e - a scroll of teleportation
 f - a scroll of enchant weapon
 m - a scroll of brand weapon {unknown}
 o - a scroll of torment {unknown}
Potions
 i - a potion of mutation {unknown}
 l - a potion of resistance
 n - 2 potions of heal wounds
 p - a potion of degeneration {unknown}
 s - a potion of berserk rage {unknown}
 t - 2 potions of might


   Skills:
 + Level 2.4 Fighting
 + Level 2.4 Short Blades
 + Level 2.4 Long Blades
 + Level 10.7 Axes
 + Level 2.4 Maces & Flails
 + Level 2.4 Polearms
 + Level 2.4 Staves
 + Level 2.4 Ranged Weapons
 + Level 3.6 Throwing
 + Level 2.4 Armour
 + Level 2.4 Dodging
 + Level 3.4 Stealth
 + Level 2.4 Shields
 + Level 2.4 Unarmed Combat
 + Level 3.7 Spellcasting
 + Level 2.0 Conjurations
 + Level 2.9 Hexes
 + Level 2.0 Summonings
 + Level 2.0 Necromancy
 + Level 2.0 Translocations
 + Level 2.0 Transmutations
 + Level 2.0 Fire Magic
 + Level 2.0 Ice Magic
 + Level 2.0 Air Magic
 + Level 2.0 Earth Magic
 + Level 2.0 Poison Magic
 + Level 2.7 Invocations
 + Level 3.6 Evocations


You had 12 spell levels left.
You knew the following spells:

 Your Spells              Type           Power      Damage    Failure   Level
a - Slow                  Hex            28%        N/A       10%         1

Your spell library contained the following spells:

 Spells                   Type           Power      Damage    Failure   Level
 Apportation              Tloc           10%        N/A       14%         1
 Necrotise                Necr           20%        1d5       14%         1
 Sandblast                Erth           10%        2d5       14%         1
 Summon Small Mammal      Summ           20%        N/A       14%         1
 Passwall                 Tmut/Erth      4%         N/A       22%         2
 Summon Guardian Golem    Hex/Summ       6%         N/A       34%         3
 Stone Arrow              Conj/Erth      10%        3d7       38%         3


Dungeon Overview and Level Annotations

Branches:
Dungeon (4/15)
 Temple: D:4-7

Altars:
Xom

Annotations:
D:2 1 runed translucent door, Crazy Yiuf
D:4 Menkaure


Innate Abilities, Weirdness & Mutations

You have very sharp teeth.
Your uncanny sense of smell can sniff out nearby items.
Your experience applies equally to all skills.


Message History

The ice beast is lightly wounded.
The ice beast hits you but does no damage.
You hit the ice beast.
You melt the ice beast.
The ice beast is moderately wounded.
The ice beast closely misses you.
You hit the ice beast but do no damage.
The ice beast is moderately wounded.
The ice beast hits you. The ice beast freezes you!
You hit the ice beast but do no damage.
The ice beast is moderately wounded.
The ice beast closely misses you.
You hit the ice beast but do no damage.
You bite the ice beast, but do no damage.
The ice beast is moderately wounded.
The ice beast hits you. The ice beast freezes you!
You hit the ice beast.
You melt the ice beast.
The ice beast is moderately wounded.
You hit the ice beast.
You melt the ice beast.
The ice beast is severely wounded.
The ice beast barely misses you.
You barely miss the ice beast.
You bite the ice beast, but do no damage.
The ice beast is severely wounded.
The ice beast misses you.
You barely miss the ice beast.
The ice beast is severely wounded.
The ice beast hits you but does no damage.
You hit the ice beast but do no damage.
The ice beast is severely wounded.
The ice beast hits you. The ice beast freezes you!
* * * LOW HITPOINT WARNING * * *
You hit the ice beast.
You melt the ice beast.
The ice beast is severely wounded.
The ice beast barely misses you.
You hit the ice beast but do no damage. Your bite misses the ice beast.
The ice beast is severely wounded.
The ice beast hits you.
* * * LOW HITPOINT WARNING * * *
The ice beast freezes you!
You die...

#######.## .........##### #.).#
..##....##################
#...###..##....Y@................
...<.....##....##.####.##########
.........###.#. #.# #...........
.......#.# # #. #.# ######......
#...####.# # #. #.# #.#####
#...####.###.#.##.# #.# #
..................#########.# #
##.....###..................# #
##.....###.#.####.########### #


You could see an ice beast.

Vanquished Creatures
  Grinder (D:4)
  An ogre (D:4)
  Jessica (D:2)
  Natasha (thrice) (D:2)
  An iguana (D:3)
  Robin (D:2)
  3 adders
  An ufetubus (D:4)
  2 worms
  2 dart slugs (D:1)
  An orc (D:3)
  4 bats
  5 endoplasms (D:1)
  2 giant cockroaches
  9 goblins
  7 hobgoblins
  2 jackals (D:1)
  A quokka (D:1)
  5 ball pythons
  3 kobolds
  5 rats
60 creatures vanquished.

Notes
Turn   | Place    | Note
-------+----------+-------------------------------------------
     0 | D:1      | Reached skill level 10 in Axes
     0 | D:1      | RapScallion the Gnoll Wanderer began the quest for the Orb.
     0 | D:1      | RapScallion set off with the following items: a +0 war axe,
                  | a +0 pair of gloves, a scroll of fear, a +0 leather armour;
                  | and the following spell memorised: Slow; and the following
                  | spells available to memorise: Summon Guardian Golem.
     0 | D:1      | Reached XP level 1. HP: 13/13 MP: 4/4
   120 | D:1      | Reached XP level 2. HP: 19/19 MP: 5/5
   444 | D:1      | Reached XP level 3. HP: 25/25 MP: 7/7
   867 | D:1      | Reached skill level 1 in Invocations
   904 | D:2      | Reached skill level 1 in Fighting
   904 | D:2      | Reached skill level 1 in Short Blades
   904 | D:2      | Reached skill level 1 in Long Blades
   904 | D:2      | Reached skill level 1 in Maces & Flails
   904 | D:2      | Reached skill level 1 in Polearms
   904 | D:2      | Reached skill level 1 in Staves
   904 | D:2      | Reached skill level 1 in Ranged Weapons
   904 | D:2      | Reached skill level 1 in Armour
   904 | D:2      | Reached skill level 1 in Dodging
   904 | D:2      | Reached skill level 1 in Shields
   904 | D:2      | Reached skill level 1 in Unarmed Combat
   972 | D:2      | Noticed Jessica
   973 | D:2      | Identified the +2 dagger "Qiejuff" {flame, rElec rN++
                  | Dex+4}
   999 | D:2      | Reached XP level 4. HP: 18/32 MP: 8/8
  1006 | D:2      | HP: 1/32 [Jessica/+0 dagger (2)]
  1008 | D:2      | Killed Jessica
  1009 | D:2      | Reached skill level 1 in Conjurations
  1009 | D:2      | Reached skill level 1 in Summonings
  1009 | D:2      | Reached skill level 1 in Necromancy
  1009 | D:2      | Reached skill level 1 in Translocations
  1009 | D:2      | Reached skill level 1 in Transmutations
  1009 | D:2      | Reached skill level 1 in Fire Magic
  1009 | D:2      | Reached skill level 1 in Ice Magic
  1009 | D:2      | Reached skill level 1 in Air Magic
  1009 | D:2      | Reached skill level 1 in Earth Magic
  1009 | D:2      | Reached skill level 1 in Poison Magic
  1347 | D:2      | Noticed Natasha
  1356 | D:2      | Killed Natasha
  1357 | D:2      | Reached XP level 5. HP: 32/37 MP: 9/9
  1388 | D:2      | Noticed Robin
  1541 | D:2      | Killed Robin
  1672 | D:2      | Noticed Natasha
  1698 | D:2      | Killed Natasha
  1820 | D:2      | Found a runed translucent door.
  1821 | D:2      | Noticed Crazy Yiuf
  1877 | D:2      | Noticed Natasha
  1895 | D:2      | Killed Natasha
  2225 | D:3      | Found a shimmering altar of Xom.
  2440 | D:3      | Reached XP level 6. HP: 30/44 MP: 11/11
  2716 | D:4      | Noticed Menkaure
  2797 | D:4      | Noticed Grinder
  2812 | D:4      | Killed Grinder
  2813 | D:4      | Reached XP level 7. HP: 15/51 MP: 12/12
  3041 | D:4      | Slain by an ice beast

Illustrated notes

Levels and vault maps discovered:
D:1:      eino_arrival_druids_welcome, layout_loops_ring,
          chequers_serial_rivers_large_b
D:2:      layout_loops_ring, uniq_jessica, uniq_robin, uniq_crazy_yiuf_cottage,
          uniq_natasha
D:3:      layout_basic, mainiacjoe_overflow_brackets
D:4:      layout_loops_ring, uniq_menkaure, uniq_grinder, uniq_ijyb

Skill      XL: |  1  2  3  4  5  6 |
---------------+-------------------+-----
Axes           | | 10.7
Hexes          | 2 |  2.9
Invocations    | 1 2 |  2.7
Fighting       | 1 2 |  2.4
Short Blades   | 1 2 |  2.4
Long Blades    | 1 2 |  2.4
Maces & Flails | 1 2 |  2.4
Polearms       | 1 2 |  2.4
Staves         | 1 2 |  2.4
Ranged Weapons | 1 2 |  2.4
Armour         | 1 2 |  2.4
Dodging        | 1 2 |  2.4
Shields        | 1 2 |  2.4
Unarmed Combat | 1 2 |  2.4
Spellcasting   | 3 |  3.7
Conjurations   | 1 2 |  2.0
Summonings     | 1 2 |  2.0
Necromancy     | 1 2 |  2.0
Translocations | 1 2 |  2.0
Transmutations | 1 2 |  2.0
Fire Magic     | 1 2 |  2.0
Ice Magic      | 1 2 |  2.0
Air Magic      | 1 2 |  2.0
Earth Magic    | 1 2 |  2.0
Poison Magic   | 1 2 |  2.0
Throwing       | 3 |  3.6
Evocations     | 3 |  3.6
Stealth        | 3 |  3.4

Action                     |  1- 3 |  4- 6 |  7- 9 || total
---------------------------+-------+-------+-------++-------
  Melee: War axe           |    26 |       |       ||    26
         Punch             |     1 |     3 |     1 ||     5
         Spear             |    73 |    10 |       ||    83
         Bite              |     4 |    15 |     3 ||    22
         Dagger            |       |   147 |    15 ||   162
    Use: Scroll            |       |     7 |       ||     7
   Stab: Sleeping          |     4 |     2 |       ||     6
 Armour: Leather armour    |    30 |    24 |     3 ||    57
  Dodge: Dodged            |    44 |    76 |     6 ||   126

Table legend: (Time is in decaauts)
 A = Elapsed time spent in this place.
 B = Non-inter-level travel time spent in this place.
 C = Inter-level travel time spent in this place.
 D = Time resting spent in this place.
 E = Time spent auto-exploring this place.
 F = Levels seen in this place.
 G = Mean time per level.
                   A        B        C        D        E       F      G
               +--------+--------+--------+--------+--------+-----+--------+
         Total |   3104 |   3025 |     79 |    438 |   1623 |   4 |  776.0 |
       Dungeon |   3104 |   3025 |     79 |    438 |   1623 |   4 |  776.0 |
               +--------+--------+--------+--------+--------+-----+--------+

Top non-repeatable levels by time:
     D:2: 1132 daAuts
     D:1: 987 daAuts
     D:3: 576 daAuts
     D:4: 407 daAuts
